 Dungeon Crawl Stone Soup version 0.25-a0-681-gdf4e720381 (webtiles) character file.

Game seed: 16238236255904594165, levelgen mode: deterministic

4098 Glundar the Destroyer (level 10, -4/74 HPs)
             Began as a Gnoll Conjurer on Mar 30, 2020.
             Was a Follower of Sif Muna.
             Slain by a hornet (11 damage)
             ... while paralysed by a hornet
             ... on level 8 of the Dungeon.
             The game lasted 00:34:14 (9805 turns).

Glundar the Destroyer (Gnoll Conjurer)              Turns: 9805, Time: 00:34:15

Health: -4/74      AC:  4    Str: 10    XL:     10   Next: 26%
Magic:  12/20      EV:  2    Int: 20    God:    Sif Muna [*.....]
Gold:   510        SH:  0    Dex: 17    Spells: 17/23 levels left

rFire    . . .     SeeInvis .   L - +0 war axe (freeze)
rCold    . . .     Gourm    .   (no shield)
rNeg     . . .     Faith    .   C - +2 animal skin
rPois    .         Spirit   .   (no helmet)
rElec    .         Reflect  .   (no cloak)
rCorr    .         Harm     .   (no gloves)
MR       .....                  (no boots)
Stlth    ++++......             (no amulet)
HPRegen  0.22/turn              G - ring of flight
MPRegen  0.17/turn              (no ring)

@: paralysed, lethally poisoned (-4 -> -26), slowed
A: distributed training, fangs 1, strong nose
a: Channel Magic, Renounce Religion, Evoke Flight


You were on level 8 of the Dungeon.
You worshipped Sif Muna.
Sif Muna was aware of your devotion.
You were not hungry.

You visited 2 branches of the dungeon, and saw 9 of its levels.
You also visited: Sewer.

You collected 510 gold pieces.

Inventory:

Hand Weapons
 f - a +0 vorpal hand axe
 q - a +3 rapier
 s - a +1 flail of protection
 L - a +0 war axe of freezing (weapon)
Armour
 t - a +3 chain mail of cold resistance
 C - a +2 animal skin (worn)
Jewellery
 G - a ring of flight (left hand)
Wands
 a - a wand of flame (6)
 r - a wand of disintegration (12)
 z - a wand of digging (4)
 K - a wand of polymorph (6)
Scrolls
 b - 5 scrolls of random uselessness {unknown}
 d - a scroll of blinking {unknown}
 e - 11 scrolls of identify {unknown}
 g - 2 scrolls of magic mapping {unknown}
 h - 4 scrolls of remove curse
 k - 2 scrolls of teleportation {unknown}
 o - a scroll of enchant armour {unknown}
 p - a scroll of fog {unknown}
 y - 2 scrolls of fear {unknown}
 A - a scroll of enchant weapon {unknown}
 F - a scroll of brand weapon {unknown}
 H - 2 scrolls of silence {unknown}
Potions
 i - 3 potions of lignification {unknown}
 j - 2 potions of magic {unknown}
 l - a potion of flight {unknown}
 m - 7 potions of curing
 n - a potion of stabbing {unknown}
 u - a potion of might {unknown}
 v - a potion of cancellation {unknown}
 w - a potion of brilliance {unknown}
 x - a potion of degeneration {unknown}
 B - 2 potions of haste {unknown}
 D - 2 potions of mutation {unknown}
 E - a potion of berserk rage {unknown}
 I - a potion of ambrosia {unknown}
Comestibles
 c - 17 rations


   Skills:
 + Level 5.0 Fighting
 + Level 5.0 Short Blades
 + Level 5.0 Long Blades
 + Level 5.0 Axes
 + Level 5.0 Maces & Flails
 + Level 5.0 Polearms
 + Level 5.0 Staves
 + Level 5.0 Slings
 + Level 5.0 Bows
 + Level 5.0 Crossbows
 + Level 5.0 Throwing
 + Level 5.0 Armour
 + Level 6.9 Dodging
 + Level 6.6 Stealth
 + Level 5.0 Shields
 + Level 5.0 Unarmed Combat
 + Level 7.2 Spellcasting
 + Level 8.3 Conjurations
 + Level 4.1 Hexes
 + Level 4.1 Charms
 + Level 4.1 Summonings
 + Level 4.1 Necromancy
 + Level 4.1 Translocations
 + Level 4.1 Transmutations
 + Level 4.1 Fire Magic
 + Level 4.1 Ice Magic
 + Level 4.1 Air Magic
 + Level 4.1 Earth Magic
 + Level 4.1 Poison Magic
 + Level 5.5 Invocations
 + Level 5.0 Evocations


You had 17 spell levels left.
You knew the following spells:

 Your Spells              Type           Power        Failure   Level  Hunger
a - Magic Dart            Conj           ####         1%          1    None
b - Searing Ray           Conj           #####.       1%          2    None
c - Dazzling Flash        Conj/Hex       ####..       2%          3    #......

Your spell library contained the following spells:

 Spells                   Type           Power        Failure   Level  Hunger
 Fulminant Prism          Conj/Hex       ####......   7%          4    ###....
 Iskenderun's Mystic Bla  Conj/Tloc      ####....     7%          4    ###....


Dungeon Overview and Level Annotations

Branches:
Dungeon (8/15)             Temple (1/1) D:6           Sewer (visited)
   Lair: D:8-11

Altars:
Ashenzari
Cheibriados
Dithmenos
Elyvilon
Fedhas
Gozag
Hepliaklqana
Kikubaaqudgha
Makhleb
Nemelex Xobeh
Okawaru
Qazlal
Ru
Sif Muna
Trog
Uskayaw
Vehumet
Wu Jian
Xom
Yredelemnul
Zin
The Shining One

Shops:
D:4 [

Annotations:
D:5 3 runed translucent doors, kelmiir's ghost, amateur GnTm


Innate Abilities, Weirdness & Mutations

Your experience applies equally to all skills.
You have very sharp teeth.
Your uncanny sense of smell can sniff out nearby items.


Message History

Press: ? - help, Shift-Dir - straight line, f - worker ant, p - hippogriff
Aim: a worker ant (hasn't noticed you)
The searing ray misses the hornet.
The searing ray hits the ogre!
The ogre is severely wounded.
The searing ray hits the hippogriff!
The hippogriff is lightly wounded. (Press . to maintain the ray.)
The worker ant twitches its antennae in your direction.
You feel sick. The hornet closely misses you. The hornet completely misses you.
The hornet misses you.
You feel sick. The hornet barely misses you.
You feel sick. The hornet stings you!
You are more poisoned.
You feel as though you will be slow longer.
You feel very sick. The hornet stings you!
* * * LOW HITPOINT WARNING * * *
You are more poisoned.
You suddenly lose the ability to move!
The hornet stings you!
You die...

....[..........###.##.....#.....#
............#......##.###.#.....#
.......(....#..#...##.# #.###.###
..........(.#..#...##.###.# #.# #
............##.#.........## #_# #
............##..#...#.##.########
###############.#................
#..#........)......
#####@####........###. #...Oy.#
#..........##
#.....H###..........#
#.......##..........#
........#a##..........#
........#.##.#####....#
...######.##. ###### #.. ... #.
...


You could see a hippogriff, a hornet, an ogre and a worker ant.

Vanquished Creatures
  Pikel (D:5)
  3 hippogriffs
  Grinder (D:4)
  4 hogs (D:7)
  A human (D:7)
  2 sky beasts
  Purgy (Sewer)
  A slave (D:5)
  2 ice beasts
  2 phantoms
  2 ogres
  2 centaurs
  A crocodile (D:6)
  2 bullfrogs (D:8)
  5 scorpions
  A howler monkey (D:7)
  4 crimson imps
  3 orc priests
  2 hounds
  An iguana (D:6)
  4 worker ants
  4 orc wizards
  A hound zombie (D:5)
  A worker ant zombie (D:8)
  A howler monkey zombie (D:5)
  A howler monkey skeleton (D:5)
  An adder (D:8)
  3 shadow imps
  2 adder skeletons
  3 worms
  5 dart slugs
  2 leopard geckos
  17 orcs
  13 bats
  4 giant cockroaches
  10 goblins
  4 hobgoblins (D:1)
  2 jackals (D:1)
  3 quokkas
  A ball python (Temple)
  4 frilled lizards
  2 gnoll zombies (D:8)
  11 kobolds
  A leopard gecko skeleton (D:8)
  9 rats
150 creatures vanquished.

Vanquished Creatures (others)
  Edmund (D:5)
  2 slaves (D:5)
  A bullfrog zombie (D:5)
  An orc wizard (D:5)
  A howler monkey skeleton (D:6)
  An adder (D:5)
  A worm (D:5)
  A leopard gecko (D:6)
  An orc (D:5)
  A ball python (D:5)
11 creatures vanquished.

Grand Total: 161 creatures vanquished

Notes
Turn   | Place    | Note
-------+----------+-------------------------------------------
     0 | D:1      | Glundar the Gnoll Conjurer began the quest for the Orb.
     0 | D:1      | Reached XP level 1. HP: 13/13 MP: 6/6
    66 | D:1      | Reached XP level 2. HP: 19/19 MP: 2/7
   358 | D:1      | Reached XP level 3. HP: 25/25 MP: 6/9
   405 | D:1      | Reached skill level 5 in Spellcasting
   791 | D:1      | Learned a level 2 spell: Searing Ray
   844 | D:2      | Reached skill level 1 in Invocations
  1129 | D:2      | Found a glowing silver altar of Zin,
  1223 | D:2      | Found a faded altar of an unknown god,
  1331 | D:2      | Reached skill level 1 in Fighting
  1331 | D:2      | Reached skill level 1 in Short Blades
  1331 | D:2      | Reached skill level 1 in Long Blades
  1331 | D:2      | Reached skill level 1 in Axes
  1331 | D:2      | Reached skill level 1 in Maces & Flails
  1331 | D:2      | Reached skill level 1 in Polearms
  1331 | D:2      | Reached skill level 1 in Staves
  1331 | D:2      | Reached skill level 1 in Slings
  1331 | D:2      | Reached skill level 1 in Bows
  1331 | D:2      | Reached skill level 1 in Crossbows
  1331 | D:2      | Reached skill level 1 in Throwing
  1331 | D:2      | Reached skill level 1 in Armour
  1331 | D:2      | Reached skill level 1 in Shields
  1331 | D:2      | Reached skill level 1 in Unarmed Combat
  1331 | D:2      | Reached skill level 1 in Evocations
  1459 | D:3      | Found a stormy altar of Qazlal,
  1624 | D:3      | Reached XP level 4. HP: 32/32 MP: 3/11
  2561 | D:4      | Found a shimmering altar of Xom,
  2613 | D:4      | Found a shimmering altar of Xom,
  2619 | D:4      | Found a shimmering altar of Xom,
  2620 | D:4      | Found a shimmering altar of Xom,
  2644 | D:4      | Reached skill level 1 in Hexes
  2644 | D:4      | Reached skill level 1 in Charms
  2644 | D:4      | Reached skill level 1 in Summonings
  2644 | D:4      | Reached skill level 1 in Necromancy
  2644 | D:4      | Reached skill level 1 in Translocations
  2644 | D:4      | Reached skill level 1 in Transmutations
  2644 | D:4      | Reached skill level 1 in Fire Magic
  2644 | D:4      | Reached skill level 1 in Ice Magic
  2644 | D:4      | Reached skill level 1 in Air Magic
  2644 | D:4      | Reached skill level 1 in Earth Magic
  2644 | D:4      | Reached skill level 1 in Poison Magic
  2657 | D:4      | Found Roetuiz's Antique Armour Shoppe,
  2929 | D:4      | Reached XP level 5. HP: 31/37 MP: 8/12
  3037 | D:4      | Noticed Grinder
  3048 | D:4      | Killed Grinder
  3048 | D:4      | Reached skill level 5 in Dodging
  3048 | D:4      | Reached XP level 6. HP: 18/44 MP: 0/14
  3451 | D:4      | Found a shimmering altar of Xom,
  3566 | D:4      | Found a shimmering altar of Xom,
  3567 | D:4      | Found a shimmering altar of Xom,
  3567 | D:4      | Found a shimmering altar of Xom,
  3596 | D:4      | Found a shimmering altar of Xom,
  3670 | D:5      | Entered Level 5 of the Dungeon
  3681 | D:5      | Noticed Pikel
  3681 | D:5      | Noticed a slave
  3681 | D:5      | Noticed a slave
  3681 | D:5      | Noticed a slave
  3681 | D:5      | Noticed a slave
  3737 | D:5      | Reached XP level 7. HP: 50/50 MP: 7/15
  3887 | D:5      | Found an ancient bone altar of Kikubaaqudgha,
  3913 | D:5      | Noticed Edmund
  3927 | D:5      | Killed Pikel
  3927 | D:5      | Reached skill level 5 in Stealth
  3927 | D:5      | Reached XP level 8. HP: 8/57 MP: 2/16
  4208 | D:5      | Killed Edmund
  4723 | D:5      | Found a shattered altar of Ashenzari,
  4909 | D:5      | Found an opulent altar of Gozag,
  5238 | D:5      | Noticed kelmiir's ghost (amateur GnTm)
  5261 | D:5      | Found a runed translucent gate,
  5261 | D:5      | Found a runed translucent gate,
  5261 | D:5      | Found a runed translucent gate,
  5315 | D:5      | Found a burning altar of Makhleb,
  5673 | D:6      | Found a white marble altar of Elyvilon,
  5758 | D:6      | Found a glowing drain,
  5767 | Sewer    | Entered a sewer
  5854 | Sewer    | Noticed Purgy
  5861 | Sewer    | Killed Purgy
  5991 | D:6      | Found a staircase to the Ecumenical Temple,
  6002 | Temple   | Entered the Ecumenical Temple
  6315 | Temple   | Became a worshipper of Sif Muna the Loreminder
  6917 | D:6      | Noticed a hippogriff
  6925 | D:6      | Killed a hippogriff
  6925 | D:6      | Reached XP level 9. HP: 53/65 MP: 10/18
  7817 | D:7      | Learned a level 3 spell: Dazzling Flash
  7823 | D:7      | Reached skill level 8 in Conjurations
  8246 | D:7      | Reached skill level 5 in Invocations
  8469 | D:7      | Reached XP level 10. HP: 58/73 MP: 12/20
  8478 | D:7      | Reached * piety under Sif Muna
  8569 | D:7      | Found a shimmering altar of Xom,
  9039 | D:8      | Found a bloodstained altar of Trog,
  9344 | D:8      | Found a radiant altar of Vehumet,
  9582 | D:8      | Found a basalt altar of Yredelemnul,
  9682 | D:8      | Reached skill level 5 in Fighting
  9682 | D:8      | Reached skill level 5 in Short Blades
  9682 | D:8      | Reached skill level 5 in Long Blades
  9682 | D:8      | Reached skill level 5 in Axes
  9682 | D:8      | Reached skill level 5 in Maces & Flails
  9682 | D:8      | Reached skill level 5 in Polearms
  9682 | D:8      | Reached skill level 5 in Staves
  9682 | D:8      | Reached skill level 5 in Slings
  9682 | D:8      | Reached skill level 5 in Bows
  9682 | D:8      | Reached skill level 5 in Crossbows
  9682 | D:8      | Reached skill level 5 in Throwing
  9682 | D:8      | Reached skill level 5 in Armour
  9682 | D:8      | Reached skill level 5 in Shields
  9682 | D:8      | Reached skill level 5 in Unarmed Combat
  9682 | D:8      | Reached skill level 5 in Evocations
  9800 | D:8      | Paralysed by a hornet for 2 turns
  9805 | D:8      | Paralysed by a hornet for 2 turns
  9805 | D:8      | Slain by a hornet

Levels and vault maps discovered:
D:1:      dpeg_arrival_rooms_c, layout_rooms
D:2:      layout_loops_cross, old_standard_altar,
          chequers_ecumenical_altar_island
D:3:      layout_basic, nicolae_qazlal_general_emergency,
          kennysheep_generic_room_13
D:4:      layout_rooms, serial_shops, shop_statue, kennysheep_crisscross,
          xom_redecorated, uniq_grinder
D:5:      layout_basic, bloody_makhleb, marbit_many_paths,
          kiku_gazebo_pond_becter,
          nicolae_gozag_cash_rules_everything_around_me, first_ration,
          gammafunk_ghost_icy, uniq_pikel, uniq_edmund
D:6:      layout_layer_cave, elyvilon_altar_4, minmay_temple_entry_sparse_star,
          cheibrodos_sewer_entry_drain, chequers_serial_rivers_micro_a
D:7:      layout_rooms, overflow_temple_1_default, grunt_livestock
D:8:      layout_basic, vehumet_altar_wand_db, lemuel_zombie_altar_yredelemnul,
          bloody_trog
Temple:   minmay_temple_forest_path

Skill      XL: |  1  2  3  4  5  6  7  8  9 10 |
---------------+-------------------------------+-----
Spellcasting   | 5 6 7 |  7.2
Invocations    | 1 2 3 4 5 |  5.5
Fighting       | 1 2 3 4 5 |  5.0
Short Blades   | 1 2 3 4 5 |  5.0
Long Blades    | 1 2 3 4 5 |  5.0
Axes           | 1 2 3 4 5 |  5.0
Maces & Flails | 1 2 3 4 5 |  5.0
Polearms       | 1 2 3 4 5 |  5.0
Staves         | 1 2 3 4 5 |  5.0
Slings         | 1 2 3 4 5 |  5.0
Bows           | 1 2 3 4 5 |  5.0
Crossbows      | 1 2 3 4 5 |  5.0
Throwing       | 1 2 3 4 5 |  5.0
Armour         | 1 2 3 4 5 |  5.0
Shields        | 1 2 3 4 5 |  5.0
Unarmed Combat | 1 2 3 4 5 |  5.0
Evocations     | 1 2 3 4 5 |  5.0
Hexes          | 1 2 3 4 |  4.1
Charms         | 1 2 3 4 |  4.1
Summonings     | 1 2 3 4 |  4.1
Necromancy     | 1 2 3 4 |  4.1
Translocations | 1 2 3 4 |  4.1
Transmutations | 1 2 3 4 |  4.1
Fire Magic     | 1 2 3 4 |  4.1
Ice Magic      | 1 2 3 4 |  4.1
Air Magic      | 1 2 3 4 |  4.1
Earth Magic    | 1 2 3 4 |  4.1
Poison Magic   | 1 2 3 4 |  4.1
Dodging        | 5 6 |  6.9
Stealth        | 5 6 |  6.6
Conjurations   | 8 |  8.3

Action                   |  1- 3 |  4- 6 |  7- 9 | 10-12 || total
-------------------------+-------+-------+-------+-------++-------
Melee: Hand axe          |       |    13 |       |       ||    13
       Bite              |       |     1 |       |     1 ||     2
       Rapier            |       |       |     1 |     5 ||     6
       War axe           |       |       |       |     7 ||     7
 Cast: Magic Dart        |    67 |    41 |    58 |    56 ||   222
       Searing Ray       |     3 |    11 |    54 |    20 ||    88
 Abil: Evoke Flight      |       |       |       |     1 ||     1
  Use: Scroll            |       |     1 |     1 |       ||     2
  Eat: Chunk             |     2 |     5 |     9 |     1 ||    17
       Ration            |       |       |     2 |     1 ||     3
Armor: Robe              |     1 |     2 |    11 |       ||    14
       Animal skin       |       |       |       |     4 ||     4
Dodge: Dodged            |     1 |    15 |    87 |    18 ||   121

Table legend:
 A = Non-vault XP
 B = Vault XP
 C = Vault XP percentage of total XP
 D = Non-vault monster count
 E = Vault monster count
 F = Vault count percentage of total count
                 A         B        C        D         E       F
            +---------+---------+-------+---------+---------+-------
      Total |    3745 |    2110 |  36.0 |     127 |      23 |  15.3
            +---------+---------+-------+---------+---------+-------
        D:1 |      46 |       0 |   0.0 |      28 |       0 |   0.0
        D:2 |      31 |       0 |   0.0 |      15 |       0 |   0.0
        D:3 |      40 |       1 |   2.4 |      14 |       1 |   6.7
        D:4 |     190 |     262 |  58.0 |       8 |       1 |  11.1
        D:5 |     577 |     713 |  55.3 |      18 |       3 |  14.3
        D:6 |     942 |       7 |   0.7 |      16 |       3 |  15.8
        D:7 |     885 |     980 |  52.5 |      10 |       5 |  33.3
        D:8 |     902 |       4 |   0.4 |      17 |       3 |  15.0
     Temple |     132 |       1 |   0.8 |       1 |       1 |  50.0
      Sewer |       0 |     142 | 100.0 |       0 |       6 | 100.0
            +---------+---------+-------+---------+---------+-------
